NCAA
MIAMI HURRICANES @ ILLINOIS FIGHTING ILLINI
04/30/2023
 
TOP OF THE 1ST
Miami Hurricanes batting - Pitching for Illinois Fighting Illini : RHP Felipe Sabido
Pitching: RHP Felipe Sabido
Batting: SHB Douglas Taylor 0-0: Called Strike
0-1: Swinging Strike
0-2: Strikes out looking
Batting: RHB Ken MacDonald 0-0: Ball
1-0: Swinging Strike
1-1: Called Strike
1-2: Strikes out swinging
Batting: RHB Roberto Tobías 0-0: Called Strike
0-1: Ball
1-1: Fly out, F9 (Flyball, 9M)
Top of the 1st over - 0 run(s), 0 hit(s), 0 error(s), 0 left on base; Miami 0 - Illinois 0
BOTTOM OF THE 1ST
Illinois Fighting Illini batting - Pitching for Miami Hurricanes : RHP Bob Schneider
Pitching: RHP Bob Schneider
Batting: RHB Buddy Griffin 0-0: Ball
1-0: Ground out U3 (Groundball, 3S)
Batting: SHB Jared McNayer 0-0: Foul Ball, location: 2F
0-1: Foul Ball, location: 2F
0-2: Foul Ball, location: 2F
0-2: Foul Ball, location: 2F
0-2: Ball
1-2: Strikes out swinging
Batting: LHB Milton Watson 0-0: Called Strike
0-1: Ball
1-1: Ball
2-1: Ball
3-1: Swinging Strike
3-2: Strikes out swinging
Bottom of the 1st over - 0 run(s), 0 hit(s), 0 error(s), 0 left on base; Miami 0 - Illinois 0
TOP OF THE 2ND
Miami Hurricanes batting - Pitching for Illinois Fighting Illini : RHP Felipe Sabido
Batting: RHB Edward Holloway 0-0: Ball
1-0: Ground out 6-3 (Groundball, 6)
Batting: RHB Dwight Henderson 0-0: Swinging Strike
0-1: Ball
1-1: Called Strike
1-2: Hit by Pitch
Batting: LHB Juan Rocha 0-0: Grounds into double play, 4-6-3 (Groundball, 4)
Top of the 2nd over - 0 run(s), 0 hit(s), 0 error(s), 0 left on base; Miami 0 - Illinois 0
BOTTOM OF THE 2ND
Illinois Fighting Illini batting - Pitching for Miami Hurricanes : RHP Bob Schneider
Batting: RHB Clinton Barton 0-0: Foul Ball, location: 2F
0-1: SOLO HOME RUN (Flyball, 78D), Distance : 378 ft
Batting: RHB Michael Jones 0-0: Ball
1-0: SINGLE (Groundball, 56D)
Batting: LHB Steven Fox 0-0: Foul Ball, location: 2F
0-1: Ball
1-1: Ground out 3-1 (Groundball, 34)
Michael Jones to second
Batting: RHB Brandon Berry 0-0: Ball
1-0: Swinging Strike
1-1: Called Strike
1-2: Foul Ball, location: 2F
1-2: Ball
2-2: Strikes out swinging
Batting: LHB Joe Alexander 0-0: Reached on error, E4 (Groundball, 34)
Michael Jones to third
Batting: RHB Jeremiah Boswell 0-0: Ball
1-0: Called Strike
1-1: Ball
2-1: 3-RUN HOME RUN (Line Drive, 7LD), Distance : 316 ft
Batting: RHB Buddy Griffin 0-0: Fly out, F7 (Popup, 6D)
Bottom of the 2nd over - 4 run(s), 3 hit(s), 1 error(s), 0 left on base; Miami 0 - Illinois 4
TOP OF THE 3RD
Miami Hurricanes batting - Pitching for Illinois Fighting Illini : RHP Felipe Sabido
Batting: SHB Will Davis 0-0: Ball
1-0: Called Strike
1-1: Swinging Strike
1-2: Strikes out looking
Batting: RHB Jim McKinney 0-0: Foul Ball, location: 2F
0-1: Swinging Strike
0-2: Strikes out swinging
Batting: RHB Nick Watts 0-0: Ground out 2-3 (Groundball, 23)
Top of the 3rd over - 0 run(s), 0 hit(s), 0 error(s), 0 left on base; Miami 0 - Illinois 4
BOTTOM OF THE 3RD
Illinois Fighting Illini batting - Pitching for Miami Hurricanes : RHP Bob Schneider
Batting: SHB Jared McNayer 0-0: Ball
1-0: Foul Ball, location: 2F
1-1: Ball
2-1: Called Strike
2-2: Foul Ball, location: 2F
2-2: Ball
3-2: Fly out, F7 (Flyball, 7M)
Batting: LHB Milton Watson 0-0: Called Strike
0-1: Ball
1-1: Swinging Strike
1-2: Ball
2-2: Ground out 1-3 (Groundball, 25)
Batting: RHB Clinton Barton 0-0: Ball
1-0: Foul Ball, location: 2F
1-1: Swinging Strike
1-2: Foul Ball, location: 2F
1-2: Foul Ball, location: 2F
1-2: Strikes out looking
Bottom of the 3rd over - 0 run(s), 0 hit(s), 0 error(s), 0 left on base; Miami 0 - Illinois 4
TOP OF THE 4TH
Miami Hurricanes batting - Pitching for Illinois Fighting Illini : RHP Felipe Sabido
Batting: SHB Douglas Taylor 0-0: Ball
1-0: Foul Ball, location: 2F
1-1: Swinging Strike
1-2: Strikes out swinging
Batting: RHB Ken MacDonald 0-0: Called Strike
0-1: Ball
1-1: Swinging Strike
1-2: Strikes out swinging
Batting: RHB Roberto Tobías 0-0: Ball
1-0: Ball
2-0: Foul Ball, location: 2F
2-1: Foul Ball, location: 2F
2-2: Foul Ball, location: 2F
2-2: Strikes out swinging
Top of the 4th over - 0 run(s), 0 hit(s), 0 error(s), 0 left on base; Miami 0 - Illinois 4
BOTTOM OF THE 4TH
Illinois Fighting Illini batting - Pitching for Miami Hurricanes : RHP Bob Schneider
Batting: RHB Michael Jones 0-0: Called Strike
0-1: Foul Ball, location: 2F
0-2: Strikes out swinging
Batting: LHB Steven Fox 0-0: Ball
1-0: Ball
2-0: Called Strike
2-1: Swinging Strike
2-2: Strikes out looking
Batting: RHB Brandon Berry 0-0: Ball
1-0: Swinging Strike
1-1: Foul Ball, location: 2F
1-2: Ball
2-2: Strikes out swinging
Bottom of the 4th over - 0 run(s), 0 hit(s), 0 error(s), 0 left on base; Miami 0 - Illinois 4
TOP OF THE 5TH
Miami Hurricanes batting - Pitching for Illinois Fighting Illini : RHP Felipe Sabido
Batting: RHB Edward Holloway 0-0: Ball
1-0: Ball
2-0: Ball
3-0: Called Strike
3-1: SINGLE (Flyball, 9LS)
Batting: RHB Dwight Henderson 0-0: SINGLE (Line Drive, 4MD)
Edward Holloway to second
Batting: LHB Juan Rocha 0-0: Ball
1-0: Grounds into double play, 6-4-3 (Groundball, 6M)
Edward Holloway to third
Batting: SHB Will Davis 0-0: Ball
1-0: Ball
2-0: Foul Ball, location: 2F
2-1: Foul Ball, location: 2F
2-2: Ball
3-2: Foul Ball, location: 2F
3-2: Foul Ball, location: 2F
3-2: Strikes out swinging
Top of the 5th over - 0 run(s), 2 hit(s), 0 error(s), 1 left on base; Miami 0 - Illinois 4
BOTTOM OF THE 5TH
Illinois Fighting Illini batting - Pitching for Miami Hurricanes : RHP Bob Schneider
Batting: LHB Joe Alexander 0-0: SINGLE (Groundball, 6MD)
Batting: RHB Jeremiah Boswell 0-0: Ball
1-0: SINGLE (Groundball, 4MD)
Joe Alexander to second
Runner from 2nd tries for 3rd, SAFE, no throw or cutoff
Batting: RHB Buddy Griffin 0-0: Ball
1-0: Ball
2-0: Ball
3-0: Base on Balls
Jeremiah Boswell to second
Batting: SHB Jared McNayer 0-0: Called Strike
0-1: Foul Ball, location: 2F
0-2: Fly out, F7 (Flyball, 7S)
Batting: LHB Milton Watson 0-0: Called Strike
0-1: Ball
1-1: Swinging Strike
1-2: Foul Ball, location: 2F
1-2: Strikes out swinging
Batting: RHB Clinton Barton 0-0: Called Strike
0-1: Foul Ball, location: 2F
0-2: Ball
1-2: Strikes out looking
Bottom of the 5th over - 0 run(s), 2 hit(s), 0 error(s), 3 left on base; Miami 0 - Illinois 4
TOP OF THE 6TH
Miami Hurricanes batting - Pitching for Illinois Fighting Illini : RHP Felipe Sabido
Batting: RHB Jim McKinney 0-0: Foul Ball, location: 2F
0-1: Ball
1-1: SINGLE (Line Drive, 4D)
Batting: RHB Nick Watts 0-0: Ball
1-0: Called Strike
1-1: Called Strike
Jim McKinney steals 2nd base
1-2: Strikes out looking
Batting: SHB Douglas Taylor 0-0: Ball
1-0: Ball
2-0: Ball
3-0: Base on Balls
Batting: RHB Ken MacDonald 0-0: Swinging Strike
0-1: Ball
1-1: Called Strike
1-2: Fielders Choice at 2nd, 6-4 (Groundball, 6)
Jim McKinney to third
Batting: RHB Roberto Tobías 0-0: Ball
1-0: Ball
2-0: Ball
3-0: Base on Balls
Ken MacDonald to second
Batting: RHB Edward Holloway 0-0: Foul Ball, location: 2F
0-1: Ball
1-1: Foul Ball, location: 2F
1-2: Ball
2-2: Ground out 5-3 (Groundball, 56S)
Top of the 6th over - 0 run(s), 1 hit(s), 0 error(s), 3 left on base; Miami 0 - Illinois 4
BOTTOM OF THE 6TH
Illinois Fighting Illini batting - Pitching for Miami Hurricanes : RHP Bob Schneider
Pitching: RHP Tomás Hurtado
Batting: RHB Michael Jones 0-0: Ball
1-0: Swinging Strike
1-1: Foul Ball, location: 2F
1-2: Strikes out swinging
Batting: LHB Steven Fox 0-0: Ball
1-0: SINGLE (Groundball, 34S) (infield hit)
Batting: RHB Brandon Berry 0-0: Ball
Steven Fox is caught stealing 2nd base
1-0: Ball
2-0: Foul Ball, location: 2F
2-1: Swinging Strike
2-2: Ball
3-2: DOUBLE (Flyball, 78M)
Batting: LHB Joe Alexander 0-0: Ball
1-0: Fly out, F6 (Popup, 8LS)
Bottom of the 6th over - 0 run(s), 2 hit(s), 0 error(s), 1 left on base; Miami 0 - Illinois 4
TOP OF THE 7TH
Miami Hurricanes batting - Pitching for Illinois Fighting Illini : RHP Felipe Sabido
Batting: RHB Dwight Henderson 0-0: Ball
1-0: Swinging Strike
1-1: Foul Ball, location: 2F
1-2: Foul Ball, location: 2F
1-2: Strikes out looking
Pitching: RHP Joe Smith
Batting: LHB Juan Rocha 0-0: Ball
1-0: Foul Ball, location: 2F
1-1: Fly out, F8 (Flyball, 8RM)
Batting: SHB Will Davis 0-0: Called Strike
0-1: Ball
1-1: Foul Ball, location: 2F
1-2: Ball
2-2: Ball
3-2: Base on Balls
Batting: RHB Jim McKinney 0-0: Called Strike
0-1: Called Strike
0-2: Foul Ball, location: 2F
0-2: Foul Ball, location: 2F
0-2: Ball
1-2: Strikes out swinging
Top of the 7th over - 0 run(s), 0 hit(s), 0 error(s), 1 left on base; Miami 0 - Illinois 4
BOTTOM OF THE 7TH
Illinois Fighting Illini batting - Pitching for Miami Hurricanes : RHP Tomás Hurtado
Batting: RHB Jeremiah Boswell 0-0: Called Strike
0-1: Fly out, F4 (Line Drive, 4)
Batting: RHB Buddy Griffin 0-0: Called Strike
0-1: Foul Ball, location: 2F
0-2: Ball
1-2: Strikes out looking
Batting: SHB Jared McNayer 0-0: SINGLE (Line Drive, 34)
Batting: LHB Milton Watson 0-0: Ball
1-0: Ball
2-0: Ball
Wild Pitch!
Jared McNayer to second
3-0: Base on Balls
Batting: RHB Clinton Barton 0-0: Called Strike
0-1: Ball
1-1: Fly out, F7 (Flyball, 7LM)
Bottom of the 7th over - 0 run(s), 1 hit(s), 0 error(s), 2 left on base; Miami 0 - Illinois 4
TOP OF THE 8TH
Miami Hurricanes batting - Pitching for Illinois Fighting Illini : RHP Joe Smith
Batting: RHB Nick Watts 0-0: Called Strike
0-1: Ball
1-1: Foul Ball, location: 2F
1-2: Foul Ball, location: 2F
1-2: Strikes out swinging
Batting: SHB Douglas Taylor 0-0: Foul Ball, location: 2F
0-1: Ball
1-1: Called Strike
1-2: Foul Ball, location: 2F
1-2: Ball
2-2: Ball
3-2: Foul Ball, location: 2F
3-2: SINGLE (Groundball, 6M)
Batting: RHB Ken MacDonald 0-0: Swinging Strike
0-1: Ball
1-1: Ball
2-1: DOUBLE (Flyball, 89D)
Douglas Taylor to third
Runner from 3rd tries for Home, SAFE, no throw or cutoff
Pitching: RHP Steve Lawrence
Batting: RHB Roberto Tobías 0-0: Ball
1-0: Ball
2-0: Called Strike
2-1: Swinging Strike
2-2: SINGLE (Groundball, 6S)
Ken MacDonald to third
Runner from 3rd tries for Home, SAFE, throw made home
Batting: RHB Edward Holloway 0-0: Foul Ball, location: 2F
0-1: Foul Ball, location: 2F
0-2: Strikes out swinging
Batting: RHB Dwight Henderson 0-0: Ball
1-0: Foul Ball, location: 2F
1-1: Ball
2-1: Ball
3-1: Base on Balls
Roberto Tobías to second
Pitching: LHP Mike MacDonald
Batting: LHB Juan Rocha 0-0: Foul Ball, location: 2F
0-1: Ball
1-1: Ball
2-1: SINGLE (Flyball, 78S)
Roberto Tobías to third
Dwight Henderson to second
Pitching: RHP Jesús Martínez
Batting: SHB Will Davis 0-0: SINGLE (Groundball, 3S)
Roberto Tobías scores
Dwight Henderson to third
Juan Rocha to second
Runner from 3rd tries for Home, SAFE, no throw or cutoff
Batting: RHB Jim McKinney 0-0: Ground out 1-3 (Groundball, 13)
Top of the 8th over - 4 run(s), 5 hit(s), 0 error(s), 2 left on base; Miami 4 - Illinois 4
BOTTOM OF THE 8TH
Illinois Fighting Illini batting - Pitching for Miami Hurricanes : RHP Tomás Hurtado
Pitching: RHP Jeff Parker
Batting: RHB Michael Jones 0-0: Ball
1-0: Ball
2-0: Ball
3-0: Called Strike
3-1: Swinging Strike
3-2: Base on Balls
Batting: LHB Steven Fox 0-0: Ball
1-0: Sac Bunt - play at second, runner OUT! 1-6
Batting: RHB Brandon Berry 0-0: Ball
1-0: Ball
2-0: Called Strike
2-1: Ball
3-1: Base on Balls
Steven Fox to second
Batting: LHB Joe Alexander 0-0: Ball
1-0: Foul Ball, location: 2F
1-1: Foul Ball, location: 2F
1-2: SINGLE (Flyball, 8LS)
Steven Fox to third
Brandon Berry to second
Runner from 3rd tries for Home, SAFE, throw made at trailing runner, SAFE at third!
Batting: RHB Jeremiah Boswell 0-0: Ball
1-0: Called Strike
1-1: Ball
2-1: Ball
3-1: Foul Ball, location: 2F
3-2: Strikes out looking
Joe Alexander is caught stealing 2nd base
Batter strikes out.
Bottom of the 8th over - 1 run(s), 1 hit(s), 0 error(s), 1 left on base; Miami 4 - Illinois 5
TOP OF THE 9TH
Miami Hurricanes batting - Pitching for Illinois Fighting Illini : RHP Jesús Martínez
Pitching: RHP Alberto Ibarra
Batting: RHB Nick Watts 0-0: Ball
1-0: Foul Ball, location: 2F
1-1: Ground out 6-3 (Groundball, 6)
Batting: SHB Douglas Taylor 0-0: Ball
1-0: Ball
2-0: Fly out, F8 (Flyball, 8LM)
Batting: RHB Ken MacDonald 0-0: Ball
1-0: Swinging Strike
1-1: Called Strike
1-2: Ball
2-2: Foul Ball, location: 2F
2-2: Foul Ball, location: 2F
2-2: Ball
3-2: Foul Ball, location: 2F
3-2: Foul Ball, location: 2F
3-2: SINGLE (Line Drive, 8LS)
Batting: RHB Roberto Tobías 0-0: Called Strike
0-1: Ball
1-1: Foul Ball, location: 2F
1-2: Ball
2-2: Foul Ball, location: 2F
2-2: Foul Ball, location: 2F
2-2: Ground out 5-3 (Groundball, 56)
Top of the 9th over - 0 run(s), 1 hit(s), 0 error(s), 1 left on base; Miami 4 - Illinois 5
This league is powered by Out of the Park Baseball, the baseball management simulation game for PC, Mac and Linux
Wednesday, December 2nd, 2015 - OOTP Baseball 16.8 Build 38